 Dungeon Crawl Stone Soup version 0.22-a0-136-g83a10e5 (webtiles) character file.

191680 KristoblXynda the Carver (level 17, -14/146 HPs)
             Began as a Green Draconian Gladiator on Feb 4, 2018.
             Was the Champion of Ashenzari.
             Demolished by a nagaraja
             ... wielding a +0 halberd
              (32 damage)
             ... on level 3 of the Snake Pit.
             The game lasted 01:45:05 (37759 turns).

KristoblXynda the Carver (DrGl)                    Turns: 37759, Time: 01:45:06

Health: -14/146    AC: 17    Str: 16    XL:     17   Next: 58%
Magic:  29/32      EV: 24    Int: 13    God:    Ashenzari [******]
Gold:   2709       SH:  9    Dex: 22    Spells: 23/38 levels left

rFire    . . .     SeeInvis +   J - +3 scimitar (flame) (curse)
rCold    + + .     Gourm    .   h - +2 buckler
rNeg     . . .     Faith    .   (armour unavailable)
rPois    +         Spirit   .   M - +0 mask of the Dragon {MR+ Slay+3 SInv} (curse)
rElec    .         Reflect  .   r - +2 cloak {rPois}
rCorr    +         Harm     .   c - +2 pair of gloves {Dex+3} (curse)
MR       ++++.     Clarity  +   b - +1 pair of boots {Stlth+} (curse)
Stlth    ++++++....             u - amulet of regeneration (curse)
HPRegen  1.74/turn              n - ring of protection from magic (curse)
MPRegen  0.23/turn              o - ring "Orphitra" {rCorr +Inv Dex+7} (curse)

@: lethally poisoned (-14 -> -14), regenerating, constricted
A: breathe noxious fumes, unfitting armour, stinger 1, clumsy 1, cold resistance
2, magic resistance 1, poison resistance, weak 1, cold-blooded, AC +9
}: 1/15 runes: decaying
a: Breathe Noxious Fumes, Curse Item, Scrying, Transfer Knowledge, Renounce
Religion, Evoke Invisibility


You were on level 3 of the Snake Pit.
You worshipped Ashenzari.
Ashenzari was exalted by your worship.
You were hungry.

You visited 6 branches of the dungeon, and saw 31 of its levels.
You also visited: Labyrinth and Volcano.

You collected 2838 gold pieces.
You spent 129 gold pieces at shops.

Inventory:

Hand Weapons
 J - a cursed +3 scimitar of flaming (weapon)
Missiles
 O - a throwing net (quivered)
Armour
 b - a cursed +1 pair of boots of stealth (worn)
 c - a cursed +2 pair of gloves of dexterity (worn)
 h - a +2 buckler (worn)
 r - a +2 cloak of poison resistance (worn)
 M - the cursed +0 mask of the Dragon (worn) {MR+ Slay+3 SInv}
   (You found it in a labyrinth)

   It affects your accuracy and damage with ranged weapons and melee attacks
   (+3).
   It affects your resistance to hostile enchantments.
   It lets you see invisible.
   It has a curse placed upon it.
Jewellery
 n - a cursed ring of protection from magic (left hand)
 o - the cursed ring "Orphitra" (right hand) {rCorr +Inv Dex+7}
   (You took it off a kobold on level 11 of the Dungeon)

   [ring of resist corrosion]

   It affects your dexterity (+7).
   It lets you turn invisible.
   It has a curse placed upon it.
 u - a cursed amulet of regeneration (around neck)
 v - a +4 ring of evasion
Wands
 j - a wand of iceblast (14)
 p - a wand of acid (11)
 w - a wand of paralysis (20)
 x - a wand of clouds (1)
 z - a wand of disintegration (51)
 A - a wand of digging (23)
Scrolls
 e - 6 scrolls of magic mapping
 f - 4 scrolls of immolation
 l - 4 scrolls of teleportation
 q - 2 scrolls of summoning
 y - 3 scrolls of amnesia
 B - 2 scrolls of fear
 I - 5 scrolls of fog
 K - a scroll of blinking
 N - 8 scrolls of identify
 R - a scroll of holy word
Potions
 a - 3 potions of might
 g - 2 potions of ambrosia
 k - 6 potions of resistance
 m - 4 potions of haste
 t - 6 potions of curing
 C - a potion of heal wounds
 D - a potion of invisibility
 E - 2 potions of berserk rage
 H - 2 potions of agility
 L - 2 potions of magic
 P - a potion of cancellation
 Q - a potion of flight
 W - 4 potions of lignification
Miscellaneous
 i - a lightning rod (4/4)
 s - a phial of floods
 F - a phantom mirror
 G - 2 boxes of beasts
Comestibles
 d - 32 rations


   Skills:
 - Level 12.3 Fighting
 - Level 14.0(18.0) Long Blades
 - Level 2.0 Throwing
 - Level 12.6(15.3) Dodging
 - Level 7.0(10.1) Stealth
 + Level 8.5 Shields
 - Level 11.0 Spellcasting
 - Level 9.0(13.3) Conjurations
 + Level 2.7(6.4) Charms
 + Level 1.0(3.5) Necromancy
 - Level 6.1(10.6) Transmutations
 - Level 7.0(11.5) Air Magic
 - Level 5.8(10.3) Earth Magic
 - Level 4.0(8.2) Poison Magic
 - Level 10.2(14.5) Evocations


You had 23 spell levels left.
You knew the following spells:

 Your Spells              Type           Power        Failure   Level  Hunger
a - Mephitic Cloud        Conj/Pois/Air  #####...     1%          3    #......
b - Petrify               Tmut/Erth      ####....     1%          4    ###....
c - Lee's Rapid Deconstr  Erth           ####......   3%          5    #####..
d - Regeneration          Chrm/Necr      ###.......   3%          3    #......


Dungeon Overview and Level Annotations

Branches:
Dungeon (15/15)            Temple (1/1) D:6            Lair (6/6) D:9
  Swamp (4/4) Lair:2        Snake (3/4) Lair:2        Slime (0/5) Lair:6
    Orc (2/2) D:11            Elf (0/3) Orc:2        Vaults (0/5) D:14
 Depths (0/5) D:15

Altars:
Ashenzari
Cheibriados
Dithmenos
Elyvilon
Fedhas
Gozag
Hepliaklqana
Kikubaaqudgha
Makhleb
Nemelex Xobeh
Okawaru
Qazlal
Ru
Sif Muna
Trog
Uskayaw
Vehumet
Wu Jian
Xom
Yredelemnul
Zin
The Shining One
Beogh

Shops:
D:14 !   Orc:2 =}?=   Snake:2 *

Annotations:
Lair:2 exclusion: 4 oklob plants


Innate Abilities, Weirdness & Mutations

You can breathe blasts of noxious fumes.
Your lurid green scales are hard. (AC +9)
You cannot fit into any form of body armour.
Your tail ends in a poisonous barb.
Your system is resistant to poisons. (rPois)
You are cold-blooded and may be slowed by cold attacks.
You are clumsy. (Dex -2)
Your flesh is very cold resistant. (rC++)
You are resistant to hostile enchantments. (MR+)
You are weak. (Str -2)


Message History

You tail-slap the nagaraja, but do no damage.
The nagaraja is almost dead.
The nagaraja gestures at you while chanting.
The poison arrow hits you!
You are more poisoned.
You partially resist.
* * * LOW HITPOINT WARNING * * *
x2 The nagaraja constricts you.
Unknown command.
Casting: Regeneration (safe; 3% risk of failure)
Confirm with . or Enter, or press ? or * to list all spells.
Your skin crawls.
You feel sick. The nagaraja casts a spell at you. The bolt of poison hits you!
You resist.
* * * LOW HITPOINT WARNING * * *
x2 The nagaraja constricts you.
You barely miss the nagaraja.
The nagaraja is almost dead.
You feel sick. The nagaraja hits you with a halberd!!
You die...

#### ##..# * *
### ##)### ,, ,*
#.## ##(## ,*
,,* #..# ##(##
****, ** #..#
##)(# * * , **
#.@#####..## **
, * ##.N.....##
# **, *
#......## ## **
##..(..# ##. *,
* ##...## ##..
,,*
##...########)).
, *
#......)......#
** *
#......).)()..#
* ,
#S...######...#


You could see a nagaraja.

Vanquished Creatures
  A thorn hunter (Swamp:1)
  Frances (D:14)
  An orc warlord (Orc:2)
  A ghoul (D:13)
  A very ugly thing (Swamp:3)
  Azrael (D:14)
  A minotaur (Lab)
  A great orb of eyes (shapeshifter) (D:14)
  2 fire dragons
  Fannar (D:11)
  Harold (Orc:1)
  11 naga warriors
  17 hydras
  4 anacondas (Snake:2)
  7 ghost crabs
  2 centaur warriors
  A catoblepas (Lair:5)
  Erica (D:11)
  Urug (D:14)
  3 tengu warriors
  5 two-headed ogres
  10 alligators
  4 shock serpents
  12 naga sharpshooters
  6 orc high priests (Orc:2)
  Sonja (Lair:1)
  11 swamp dragons
  2 skeletal warriors (D:13)
  A glowing orange brain (shapeshifter) (D:11)
  An unseen horror (D:13)
  3 spriggan druids (Swamp:1)
  3 shambling mangroves
  2 wizards (D:15)
  2 naga ritualists (Snake:2)
  4 orc knights (Orc:2)
  A mana viper (Snake:2)
  3 deep elf magi
  A necromancer (D:15)
  4 orc sorcerers
  7 ugly things
  A manticore (D:14)
  2 oklob plants
  6 salamanders
  3 cyclopes
  8 elephants
  8 naga magi
  23 black mambas
  Maurice (Orc:1)
  2 guardian serpents
  A gargoyle (D:13)
  4 apocalypse crabs (Swamp:1)
  20 spiny frogs
  5 komodo dragons
  9 rime drakes
  3 tengu conjurers
  A queen bee (D:12)
  5 trolls
  6 meliai
  A meliai (shapeshifter) (D:15)
  A minotaur zombie (Lab)
  12 hornets
  3 polar bears (Lair:6)
  8 tyrant leeches
  15 hippogriffs
  Prince Ribbit (D:8)
  27 slime creatures
  8 dream sheep
  6 bog bodies
  4 blink frogs
  A shadow (D:14)
  14 spriggans
  A vampire (D:14)
  14 wyverns
  2 wraiths
  16 yaks
  6 fire elementals (D:14)
  Grum (D:11)
  29 vampire mosquitoes
  A steam dragon (D:10)
  5 basilisks
  An acid dragon (D:12)
  23 nagas
  5 wargs (Orc:2)
  20 swamp worms
  11 water moccasins
  10 porcupines
  2 hell hounds (D:14)
  5 sky beasts
  42 orc warriors
  10 swamp drakes
  6 ice beasts
  7 black bears
  16 ogres
  30 wolves
  3 phantoms
  A necrophage (D:12)
  5 boggarts (Lair:6)
  An eye of draining (D:14)
  19 centaurs
  17 crocodiles
  6 big kobolds
  17 bullfrogs
  3 wyvern zombies
  A wyvern skeleton (D:15)
  3 scorpions
  A hornet simulacrum (D:10)
  30 killer bees
  7 wights
  2 vampire bats (D:3)
  2 electric eels (Lair:6)
  A howler monkey (D:4)
  4 bullfrog zombies
  4 crimson imps
  9 centaur zombies
  2 quasits
  7 hounds
  A bullfrog skeleton (D:4)
  4 iguanas
  8 jellies
  33 orc priests
  10 centaur skeletons
  24 orc wizards
  10 worker ants
  A statue (D:9)
  6 mummies
  2 worker ant zombies
  A howler monkey zombie (D:5)
  Robin (D:2)
  9 adders
  7 shadow imps
  6 oozes
  An adder zombie (D:5)
  2 worms
  3 dart slugs
  7 leopard geckos
  124 orcs
  A ball python (D:5)
  2 bat skeletons (D:3)
  3 bat zombies (D:3)
  6 giant cockroaches
  19 goblins
  3 hobgoblins (D:2)
  14 jackals
  9 quokkas
  5 bats
  A frilled lizard (D:4)
  22 kobolds
  2 leopard gecko skeletons
  6 rats
  A bush (Lair:3)
  A fungus (Lair:2)
  2 plants (Lair:3)
1116 creatures vanquished.

Vanquished Creatures (collateral kills)
  the Lernaean hydra (Swamp:4)
  A killer bee (D:11)
2 creatures vanquished.

Vanquished Creatures (others)
  A centaur warrior (D:14)
  A spiny frog (Swamp:4)
  A hippogriff (D:14)
  A swamp drake (Swamp:4)
  An eye of draining (D:14)
  An orc priest (Orc:2)
  3 briar patches (Swamp:1)
  A bush (Lair:4)
  6 fungi
  14 plants
30 creatures vanquished.

Grand Total: 1148 creatures vanquished

Notes
Turn   | Place    | Note
-------+----------+-------------------------------------------
     0 | D:1      | KristoblXynda the Draconian Gladiator began the quest for the Orb.
     0 | D:1      | Reached XP level 1. HP: 17/17 MP: 1/1
   189 | D:1      | Reached XP level 2. HP: 23/24 MP: 2/2
   743 | D:2      | Reached XP level 3. HP: 16/29 MP: 3/3
   780 | D:2      | Noticed Robin
   822 | D:2      | Killed Robin
   822 | D:2      | Reached skill level 4 in Long Blades
  1230 | D:2      | Reached XP level 4. HP: 32/36 MP: 4/4
  1620 | D:3      | Reached XP level 5. HP: 26/41 MP: 5/5
  1881 | D:3      | Reached skill level 5 in Long Blades
  2308 | D:3      | Found a bloodstained altar of Trog.
  2795 | D:3      | Found an ancient bone altar of Kikubaaqudgha.
  2798 | D:3      | Reached XP level 6. HP: 48/48 MP: 6/6
  2854 | D:4      | Reached skill level 6 in Long Blades
  3242 | D:4      | Your scales start taking on a lurid green colour.
  3242 | D:4      | Reached XP level 7. HP: 32/55 MP: 7/7
  3242 | D:4      | Gained mutation: Your system is resistant to poisons. (rPois) [Green Draconian growth]
  3541 | D:4      | Reached skill level 7 in Long Blades
  3681 | D:4      | Found a deep blue altar of Sif Muna.
  3782 | D:4      | Reached skill level 5 in Dodging
  3784 | D:4      | Found a burning altar of Makhleb.
  3854 | D:4      | Found a white marble altar of Elyvilon.
  4165 | D:5      | Entered Level 5 of the Dungeon
  4227 | D:5      | Found a basalt altar of Yredelemnul.
  4612 | D:5      | Reached skill level 8 in Long Blades
  4797 | D:5      | Reached XP level 8. HP: 55/61 MP: 8/8
  5143 | D:6      | Noticed a cyclops
  5145 | D:6      | Found a transporter.
  5145 | D:6      | Found a shadowy altar of Dithmenos.
  5154 | D:6      | Found a transporter.
  5512 | D:6      | Found a snail-covered altar of Cheibriados.
  5646 | D:6      | Found a staircase to the Ecumenical Temple.
  5663 | D:6      | Reached skill level 9 in Long Blades
  5669 | Temple   | Entered the Ecumenical Temple
  5804 | Temple   | Became a worshipper of Ashenzari the Shackled
  5969 | D:7      | Found an opulent altar of Gozag.
  6126 | D:7      | Noticed a hand axe
  6135 | D:7      | Found a hide-covered altar of Uskayaw.
  6138 | D:7      | Noticed a dagger
  6713 | D:7      | Reached XP level 9. HP: 61/70 MP: 9/9
  7078 | D:8      | Found a sacrificial altar of Ru.
  7245 | D:8      | Reached skill level 10 in Long Blades
  7468 | D:8      | Noticed a two-headed ogre
  7480 | D:8      | Killed a two-headed ogre
  7598 | D:8      | Reached skill level 5 in Fighting
  7602 | D:8      | Reached skill level 11 in Long Blades
  7865 | D:8      | Noticed Prince Ribbit
  7874 | D:8      | Killed Prince Ribbit
  7874 | D:8      | Reached skill level 1 in Evocations
  8352 | D:8      | Reached XP level 10. HP: 83/83 MP: 11/11
  8593 | D:9      | Found a radiant altar of Vehumet.
  8721 | D:9      | Found a staircase to the Lair.
  8800 | D:9      | Found a stormy altar of Qazlal.
  8921 | D:9      | Reached * piety under Ashenzari
  9493 | D:9      | Found a hazy altar of Hepliaklqana.
  9513 | D:10     | Entered Level 10 of the Dungeon
  9638 | D:10     | Noticed a two-headed ogre
  9647 | D:10     | Killed a two-headed ogre
  9752 | D:10     | Learned a level 3 spell: Mephitic Cloud
 10436 | D:11     | Noticed a cyan ugly thing
 10443 | D:11     | Noticed Grum
 10458 | D:11     | Killed Grum
 10485 | D:11     | Killed a cyan ugly thing
 10492 | D:11     | Reached ** piety under Ashenzari
 10498 | D:11     | Noticed Fannar
 10508 | D:11     | Noticed Erica
 10539 | D:11     | Killed Erica
 10539 | D:11     | Reached skill level 12 in Long Blades
 10539 | D:11     | Reached XP level 11. HP: 32/92 MP: 14/14
 10549 | D:11     | Killed Fannar
 10549 | D:11     | Reached skill level 5 in Evocations
 10575 | D:11     | Found a labyrinth entrance.
 10581 | Lab      | Entered a labyrinth
 10816 | Lab      | Noticed a minotaur
 10826 | Lab      | Killed a minotaur
 10828 | Lab      | Found the +0 mask of the Dragon {MR+ Slay+3 SInv}
 11130 | D:11     | Found a staircase to the Orcish Mines.
 11254 | D:11     | Reached skill level 1 in Poison Magic
 11689 | D:11     | Noticed a deep elf mage
 11708 | D:11     | Killed a deep elf mage
 11783 | D:11     | Noticed a brown ugly thing
 11784 | D:11     | Noticed a green ugly thing
 11797 | D:11     | Killed a brown ugly thing
 11797 | D:11     | Reached skill level 1 in Air Magic
 11800 | D:11     | Killed a brown ugly thing
 11800 | D:11     | Reached skill level 1 in Conjurations
 12179 | D:11     | Noticed a centaur warrior
 12195 | D:11     | Identified the ring "Orphitra" {rCorr +Inv Dex+7} (You took it off a kobold on level 11 of the Dungeon)
 12200 | D:11     | Noticed a five-headed hydra
 12203 | D:11     | Killed a five-headed hydra
 12209 | D:11     | Noticed a green ugly thing
 12226 | D:11     | Killed a centaur warrior
 12381 | D:11     | Noticed a glowing orange brain
 12387 | D:11     | Killed a glowing orange brain
 12595 | D:6      | Reached XP level 12. HP: 10/101 MP: 17/17
 12806 | D:12     | Noticed a six-headed hydra
 12812 | D:12     | Killed a three-headed hydra
 13111 | D:12     | Reached skill level 10 in Dodging
 13338 | D:12     | Reached skill level 13 in Long Blades
 13679 | D:12     | Noticed a two-headed ogre
 13703 | D:12     | Killed a two-headed ogre
 14177 | D:13     | Reached skill level 5 in Conjurations
 14177 | D:13     | Reached skill level 5 in Air Magic
 14545 | D:13     | Reached XP level 13. HP: 91/111 MP: 19/19
 14557 | D:13     | Noticed a ghoul
 14741 | D:13     | Killed a ghoul
 14879 | D:14     | Noticed Frances
 14973 | Lair:1   | Entered Level 1 of the Lair of Beasts
 14989 | Lair:1   | Learned a level 4 spell: Petrify
 14995 | Lair:1   | Learned a level 5 spell: Lee's Rapid Deconstruction
 15047 | Lair:1   | Reached *** piety under Ashenzari
 15325 | Lair:1   | Reached skill level 1 in Shields
 15548 | Lair:1   | Noticed Sonja
 15578 | Lair:1   | Killed Sonja
 16218 | Lair:2   | Found a staircase to the Snake Pit.
 16475 | Lair:2   | Reached **** piety under Ashenzari
 16541 | Lair:2   | Found a staircase to the Swamp.
 17478 | Lair:3   | Reached skill level 14 in Long Blades
 18103 | Lair:4   | Reached skill level 5 in Shields
 18104 | Lair:4   | Reached skill level 10 in Fighting
 18280 | Lair:4   | Reached skill level 1 in Spellcasting
 18408 | Lair:4   | Found a white marble altar of Elyvilon.
 18418 | Lair:4   | Gained mutation: Your tail ends in a poisonous barb. [Green Draconian growth]
 18418 | Lair:4   | Reached XP level 14. HP: 121/121 MP: 20/20
 18539 | Lair:4   | Reached ***** piety under Ashenzari
 19270 | Lair:5   | Found a dark tunnel.
 19275 | Volcano  | Entered a volcano
 19597 | Lair:5   | Reached skill level 1 in Stealth
 19741 | Lair:5   | Identified the Catalogue of Twisted Flight
 19967 | Lair:6   | Entered Level 6 of the Lair of Beasts
 19977 | Lair:6   | Reached skill level 1 in Transmutations
 20182 | Lair:6   | Identified the +3 halberd of the Big Bang {vamp, rElec Str+2 Int+2 Stlth+}
 20695 | Lair:6   | Reached skill level 5 in Spellcasting
 20955 | Lair:6   | Found a staircase to the Slime Pits.
 21593 | Orc:1    | Entered Level 1 of the Orcish Mines
 21602 | Orc:1    | Noticed Maurice
 21624 | Orc:1    | Killed Maurice
 21797 | Orc:1    | Noticed Harold
 21810 | Orc:1    | Killed Harold
 22148 | Orc:2    | Entered Level 2 of the Orcish Mines
 23437 | Orc:2    | Noticed an orc warlord
 23439 | Orc:2    | Found a roughly hewn altar of Beogh.
 23471 | Orc:2    | Killed an orc warlord
 23471 | Orc:2    | Reached skill level 5 in Stealth
 23562 | Orc:2    | Reached skill level 10 in Evocations
 23564 | Orc:2    | Found Wali's Magic Scroll Shop.
 23580 | Orc:2    | Reached XP level 15. HP: 56/126 MP: 24/24
 23608 | Orc:2    | Bought a scroll of remove curse for 30 gold pieces
 23848 | Orc:2    | Found Qogrowkeid's Jewellery Boutique.
 23870 | Orc:2    | Reached skill level 5 in Transmutations
 24196 | Orc:2    | Found a staircase to the Elven Halls.
 24272 | Orc:2    | Gained mutation: You are resistant to hostile enchantments. (MR+) [a neqoxec]
 24274 | Orc:2    | Gained mutation: You are weak. (Str -2) [a neqoxec]
 24276 | Orc:2    | Gained mutation: You expend magic power (3 MP) to strengthen your wands. [a neqoxec]
 24541 | Orc:2    | Found a roughly hewn altar of Beogh.
 24717 | Orc:2    | Found Lener's Jewellery Boutique.
 24743 | Orc:2    | Found Neoptip's Gadget Shop.
 25485 | D:14     | Killed Frances
 25518 | D:14     | Noticed Urug
 25534 | D:14     | Killed Urug
 25661 | D:14     | Found Ybucw's Distillery.
 25682 | D:14     | Bought a potion of heal wounds for 75 gold pieces
 25827 | D:14     | Noticed Azrael
 25835 | D:14     | Killed Azrael
 26280 | D:14     | Found a gate to the Vaults.
 26393 | D:15     | Entered Level 15 of the Dungeon
 27147 | D:15     | Found a staircase to the Depths.
 27263 | D:15     | Found an iron altar of Okawaru.
 27683 | Swamp:1  | Entered Level 1 of the Swamp
 28074 | Swamp:1  | Identified a scroll of acquirement
 28101 | Swamp:1  | Noticed a thorn hunter
 28255 | Swamp:1  | Reached skill level 1 in Earth Magic
 28459 | Swamp:1  | Lost mutation: You expend magic power (3 MP) to strengthen your wands. [potion of mutation]
 28459 | Swamp:1  | Lost mutation: You are weak. (Str -2) [potion of mutation]
 28459 | Swamp:1  | Gained mutation: Your flesh is cold resistant. (rC+) [potion of mutation]
 28459 | Swamp:1  | Gained mutation: You are weak. (Str -2) [potion of mutation]
 28459 | Swamp:1  | Gained mutation: You are clumsy. (Dex -2) [potion of mutation]
 28459 | Swamp:1  | Gained mutation: Your flesh is very cold resistant. (rC++) [potion of mutation]
 28500 | Swamp:1  | Reached XP level 16. HP: 128/137 MP: 28/28
 28701 | Swamp:1  | Found a runed door.
 28746 | Swamp:1  | Identified the cursed +0 pair of gloves of the Heavens {MP+9}
 28879 | Swamp:1  | Killed a thorn hunter
 30587 | Swamp:2  | Reached skill level 5 in Earth Magic
 31341 | Swamp:3  | Got the cursed shield of Xom's Reproof {*Contam MP+9 Str+7}
 31342 | Swamp:3  | Identified the cursed +5 shield of Xom's Reproof {*Contam MP+9 Str+7} (You acquired it on level 3 of the Swamp)
 31894 | Swamp:4  | Entered Level 4 of the Swamp
 31906 | Swamp:4  | Found a shimmering altar of Xom.
 31978 | Swamp:4  | Reached ****** piety under Ashenzari
 32782 | Swamp:4  | Learned a level 3 spell: Regeneration
 33092 | Swamp:4  | Reached skill level 10 in Spellcasting
 33257 | Swamp:4  | Noticed the 27-headed Lernaean hydra
 33271 | Swamp:4  | Killed the 27-headed Lernaean hydra
 33377 | Swamp:4  | Got a decaying rune of Zot
 33857 | Snake:1  | Entered Level 1 of the Snake Pit
 34268 | Snake:1  | Reached XP level 17. HP: 103/145 MP: 31/31
 36277 | Snake:2  | Found Sige's Assorted Antiques.
 36281 | Snake:2  | Reached skill level 1 in Charms
 36287 | Snake:2  | Bought a scroll labeled DITHRU ITYRUERE for 24 gold pieces
 37755 | Snake:3  | Reached skill level 1 in Necromancy
 37759 | Snake:3  | Demolished by a nagaraja

Vault maps used:
D:1:      onia_arrival_pyramid, lemuel_flame_loot_1
D:2:      st_stairs_12, uniq_robin
D:3:      kennysheep_vampire_church, bloody_trog, amethyst_killhole
D:4:      elyvilon_altar_1, lemuel_crystal_altar, led_sif_pool, first_ration
D:5:      yredelemnul_altar_generic
D:6:      gammafunk_temple_overflow_arena, cheibriados_altar_1,
          minmay_temple_entry_enclosed_plants, minmay_door_square
D:7:      dancing_weapons_uskayaw, grunt_gozag_statues
D:8:      nicolae_ru_path_of_blood, lightli_corner_chamber, uniq_prince_ribbit1
D:9:      vehumet_statue, nicolae_overflow_hidden_temple, dpeg_oklobed_lair
D:11:     minmay_the_grid_triangle_9x9_rhombus_thin_mashed, orc_0_dummy,
          lab_entry_generic, hangedman_little_slice_of_home, uniq_grum,
          uniq_fannar, uniq_erica
D:13:     serial_undead, serial_undead_a, serial_undead_f, serial_undead_c,
          serial_undead_c, serial_undead_c, serial_undead_f, serial_undead_e
D:14:     david_vaults_4, grunt_decor_mini_mirrors, serial_shops, shop,
          uniq_frances, uniq_azrael, uniq_urug
D:15:     grunt_enter_depths_magical_seal, grunt_decor_one_mirror,
          lemuel_oklob_altar
Temple:   nicolae_temple_figure_zero
Lair:1:   minmay_holes, uniq_sonja
Lair:2:   beast_lair_carwin_large_1, minmay_swamp_entry_worms,
          dummy_snake_entry, lemuel_fruit_tree, minmay_lair_oklob_chamber
Lair:3:   wad_woods_06, minivault_19, beast_lair_carwin_7
Lair:4:   basic_altar, grunt_megastairs_3
Lair:5:   nicolae_volcano_entry_s_turn, infiniplex_staircase_pool_2
Lair:6:   minmay_lair_end_enchanted_forest, slime_dummy, serial_forest,
          infiniplex_forest_end_1, infiniplex_forest_zigzag_1,
          infiniplex_forest_lined_room_2, infiniplex_forest_straight_4,
          infiniplex_forest_clump_large, infiniplex_forest_diagonal,
          infiniplex_forest_straight_2, nicolae_quartered_pool_super
Swamp:1:  gammafunk_mikee_crab_dinner, evilmike_swamp_ruin_house_3
Swamp:2:  evilmike_swamp_ruin_rubble_2
Swamp:3:  evilmike_swamp_ruin_house_5
Swamp:4:  swamp_old_school, swamp_pool3,
          nicolae_swamp_feature_on_the_river_bank, infiniplex_staircase_pool
Snake:1:  grunt_ministairs_10, spider_trap
Snake:2:  special_room, serial_shops, nicolae_shop_statue_plus
Orc:1:    uniq_maurice, uniq_harold
Orc:2:    pubby_orc_utopia, serial_shops
Lab:      labyrinth_hidden_loot
Volcano:  volcano_caves

Skill      XL: |  1  2  3  4  5  6  7  8  9 10 11 12 13 14 15 16 17 |
---------------+----------------------------------------------------+-----
Throwing       | 2 |  2.0
Dodging        | 3 4 5 6 7 8 9 10 11 12 | 12.6
Long Blades    | 4 5 6 8 9 11 12 13 14 | 14.0
Fighting       | 3 5 7 8 9 10 11 12 | 12.3
Evocations     | 1 4 6 8 10 | 10.2
Poison Magic   | 3 4 |  4.0
Air Magic      | 2 5 7 |  7.0
Conjurations   | 2 5 8 9 |  9.0
Shields        | 5 6 8 |  8.5
Spellcasting   | 1 6 8 10 11 | 11.0
Stealth        | 5 7 |  7.0
Transmutations | 4 6 |  6.1
Earth Magic    | 2 5 |  5.8
Charms         | 2 |  2.7
Necromancy     | 1 |  1.0

Action                   |  1- 3 |  4- 6 |  7- 9 | 10-12 | 13-15 | 16-18 || total
-------------------------+-------+-------+-------+-------+-------+-------++-------
Melee: Long sword        |    98 |   155 |   441 |    62 |       |       ||   756
       Tailslap          |    14 |    24 |    85 |   132 |   365 |   257 ||   877
       Scimitar          |       |       |       |   611 |  1489 |  1029 ||  3129
Throw: Throwing net      |       |     1 |       |     2 |       |       ||     3
 Cast: Regeneration      |       |       |       |       |       |     3 ||     3
Invok: Curse Item        |       |       |     2 |     2 |     3 |     1 ||     8
       Scrying           |       |       |       |       |     1 |       ||     1
 Abil: Breathe Noxious F |       |       |    11 |    19 |    21 |     1 ||    52
Evoke: Wand              |       |       |     1 |    14 |    28 |    13 ||    56
       Phial of floods   |       |       |       |     1 |       |     1 ||     2
  Use: Scroll            |       |     5 |     7 |    20 |    16 |    15 ||    63
       Potion            |       |       |       |     9 |     6 |     1 ||    16
 Stab: Sleeping          |     2 |     1 |       |     4 |    31 |    17 ||    55
       Confused          |       |       |    14 |    10 |    20 |       ||    44
       Distracted        |       |       |       |     1 |     4 |     6 ||    11
       Paralysed         |       |       |       |       |    16 |       ||    16
       Petrified         |       |       |       |       |     3 |       ||     3
       Invisible         |       |       |       |       |     3 |       ||     3
  Eat: Chunk             |     1 |     3 |    11 |     4 |    30 |     1 ||    50
       Ration            |       |     1 |     3 |     6 |     5 |     9 ||    24
Armor: Skin              |    27 |    56 |   100 |   152 |   277 |   168 ||   780
Dodge: Dodged            |    69 |   143 |   319 |   466 |  1076 |   903 ||  2976
Block: Buckler           |       |       |       |       |   372 |   312 ||   684
       Rpst.: Long sword |    30 |    37 |    85 |     6 |       |       ||   158
       Scimitar          |       |       |       |   104 |   269 |   195 ||   568

Table legend:
 A = Spawn XP
 B = Non-spawn XP
 C = Spawn XP percentage of total XP
 D = Spawn monster count
 E = Non-spawn monster count
 F = Spawn count percentage of total count
 G = Total turns spent on level
                    A         B        C        D         E        F      G
               +---------+---------+-------+---------+---------+-------+---------
         Total |       0 |  259200 |   0.0 |       0 |    1116 |   0.0 | 37759
               +---------+---------+-------+---------+---------+-------+---------
           D:1 |       0 |      25 |   0.0 |       0 |      14 |   0.0 |   581
           D:2 |       0 |     173 |   0.0 |       0 |      40 |   0.0 |  1174
           D:3 |       0 |     268 |   0.0 |       0 |      33 |   0.0 |  1095
           D:4 |       0 |     497 |   0.0 |       0 |      22 |   0.0 |  1315
           D:5 |       0 |     555 |   0.0 |       0 |      18 |   0.0 |   856
           D:6 |       0 |    1518 |   0.0 |       0 |      22 |   0.0 |   927
           D:7 |       0 |     781 |   0.0 |       0 |      17 |   0.0 |  1156
           D:8 |       0 |    2860 |   0.0 |       0 |      32 |   0.0 |  1542
           D:9 |       0 |    1330 |   0.0 |       0 |      17 |   0.0 |  1029
          D:10 |       0 |    2232 |   0.0 |       0 |      23 |   0.0 |  1035
          D:11 |       0 |   10600 |   0.0 |       0 |      72 |   0.0 |  1637
          D:12 |       0 |   10272 |   0.0 |       0 |      69 |   0.0 |  1403
          D:13 |       0 |   12723 |   0.0 |       0 |      47 |   0.0 |  1203
          D:14 |       0 |   12723 |   0.0 |       0 |      43 |   0.0 |  1037
          D:15 |       0 |   14283 |   0.0 |       0 |      36 |   0.0 |  1088
        Lair:1 |       0 |    4197 |   0.0 |       0 |      15 |   0.0 |  1081
        Lair:2 |       0 |    9064 |   0.0 |       0 |      42 |   0.0 |  1622
        Lair:3 |       0 |    3481 |   0.0 |       0 |      18 |   0.0 |   795
        Lair:4 |       0 |   14024 |   0.0 |       0 |      52 |   0.0 |  1377
        Lair:5 |       0 |    4484 |   0.0 |       0 |      16 |   0.0 |   632
        Lair:6 |       0 |   14654 |   0.0 |       0 |      62 |   0.0 |  1432
       Swamp:1 |       0 |   23238 |   0.0 |       0 |      52 |   0.0 |  1955
       Swamp:2 |       0 |   11074 |   0.0 |       0 |      31 |   0.0 |  1132
       Swamp:3 |       0 |    5799 |   0.0 |       0 |      16 |   0.0 |   883
       Swamp:4 |       0 |   26578 |   0.0 |       0 |      41 |   0.0 |  1723
       Snake:1 |       0 |   10845 |   0.0 |       0 |      21 |   0.0 |  1283
       Snake:2 |       0 |   27145 |   0.0 |       0 |      51 |   0.0 |  2213
       Snake:3 |       0 |    9305 |   0.0 |       0 |      17 |   0.0 |   406
         Orc:1 |       0 |    2642 |   0.0 |       0 |      26 |   0.0 |   601
         Orc:2 |       0 |   19386 |   0.0 |       0 |     147 |   0.0 |  2716
           Lab |       0 |    1386 |   0.0 |       0 |       2 |   0.0 |   516
       Volcano |       0 |    1058 |   0.0 |       0 |       2 |   0.0 |   166
               +---------+---------+-------+---------+---------+-------+---------
